AoeStats
← OxO

Arena

506434010Analyzed
2v2 RM · 18d ago on Sep 13, 2026· 22m 25s· 4 players
Game mode
Random Map
Map size
Medium (4 player)
Population
200
Speed
Normal
Resources
Standard
Victory
Conquest
Starting age
Dark Age
Ending age
Imperial Age
RankedLock teamsTeams togetherTeam positionsShared explorationLock speedFull tech treeHidden civsTurbo modeCheats
Victory
Defeat
🇦🇷 Bulgarians · Argentina
689
+17
🇪🇸 Cumans · Spain
688
+17
🇲🇽 Britons · Mexico
721
-18
🇧🇪 Khitans · Belgium
686
-16
Terromato
11:53 Feudal Age
12:06 Man-at-Arms
15:43 Scale Mail Armor
OxO
fumomuch5515
5:35 Loom
11:49 Feudal Age
13:07 Double-Bit Axe
19:57 Castle Age
19:06 Horse Collar
rotrox24
4:51 Loom
10:31 Feudal Age
12:26 Wheelbarrow
11:33 Horse Collar
11:40 Double-Bit Axe
12:00 Town Watch
12:42 Gold Mining
Connection lost

Rejoining the realm…

Still unreachable

The connection could not be restored.

Session expired

The server has moved on; the page needs a fresh start.